| TOP OF THE 1ST |
|
Portland Sea Dogs batting - Pitching for Bowie Baysox : RHP Alfredo Leiva
|
|
Pitching: RHP Alfredo Leiva
|
|
|
Batting: LHB Julian Toney
|
0-0: Swinging Strike 0-1: Foul Ball, location: 2F 0-2: Ball 1-2: Foul Ball, location: 2F 1-2: Foul Ball, location: 2F 1-2: Foul Ball, location: 2F 1-2: SINGLE (Groundball, 56D, EV 99.4 MPH)
|
|
Batting: RHB Nate Dickinson
|
0-0: Foul Ball, location: 2F 0-1: Foul Ball, location: 2F 0-2: Ball 1-2: Foul Ball, location: 2F 1-2: Ball 2-2: Ball 3-2: Grounds into double play, 4-6-3 (Groundball, 34, EV 109.4 MPH)
|
|
Batting: LHB Brent Albertson
|
0-0: Ground out U3 (Groundball, 34, EV 88.1 MPH)
|
| Top of the 1st over - 0 runs, 1 hit, 0 errors, 0 left on base; Portland 0 - Bowie 0 |
| BOTTOM OF THE 1ST |
|
Bowie Baysox batting - Pitching for Portland Sea Dogs : LHP Francisco Lucero
|
|
Pitching: LHP Francisco Lucero
|
|
|
Batting: RHB Orlando Melchor
|
0-0: Ball 1-0: Foul Ball, location: 2F 1-1: Swinging Strike 1-2: Foul Ball, location: 2F 1-2: Foul Ball, location: 2F 1-2: Ground out 6-3 (Groundball, 6, EV 77.5 MPH)
|
|
Batting: SHB Ryan Palermo
|
0-0: Ball 1-0: Ground out 3-1 (Groundball, 34, EV 105.6 MPH)
|
|
Batting: RHB Dermott Neill
|
0-0: Called Strike 0-1: Ground out 5-3 (Groundball, 56, EV 83.1 MPH)
|
| Bottom of the 1st over - 0 runs, 0 hits, 0 errors, 0 left on base; Portland 0 - Bowie 0 |
| TOP OF THE 2ND |
|
Portland Sea Dogs batting - Pitching for Bowie Baysox : RHP Alfredo Leiva
|
|
Batting: LHB Parker Lowe
|
0-0: Called Strike 0-1: Swinging Strike 0-2: Foul Ball, location: 2F 0-2: Ball 1-2: Foul Ball, location: 2F 1-2: Ball 2-2: Strikes out swinging
|
|
Batting: RHB Carlos Nolasco
|
0-0: Foul Ball, location: 2F 0-1: Swinging Strike 0-2: Foul Ball, location: 2F 0-2: Strikes out looking
|
|
Batting: LHB Dave Reyes
|
0-0: Ball 1-0: Ground out 6-3 (Groundball, 6, EV 88.1 MPH)
|
| Top of the 2nd over - 0 runs, 0 hits, 0 errors, 0 left on base; Portland 0 - Bowie 0 |
| BOTTOM OF THE 2ND |
|
Bowie Baysox batting - Pitching for Portland Sea Dogs : LHP Francisco Lucero
|
|
Batting: RHB Chase Cassidy
|
0-0: Ball 1-0: Ball 2-0: Ball 3-0: Base on Balls
|
|
Batting: SHB Justin Toth
|
0-0: Called Strike Chase Cassidy steals 2nd base (no throw) 0-1: Called Strike 0-2: Fly out, F8 (Flyball, 8LD, EV 90.0 MPH) Runner from 2nd tags up, SAFE at 3rd with throw by CF
|
|
Batting: RHB Andy Chess
|
0-0: Foul Ball, location: 2F 0-1: Called Strike 0-2: Ground out 6-3 (Groundball, 6S, EV 71.2 MPH) Chase Cassidy scores
|
|
Batting: LHB Andrew Erens
|
0-0: Ball 1-0: Ball 2-0: Called Strike 2-1: Ball 3-1: Fly out, F7 (Flyball, 7LM, EV 107.5 MPH)
|
| Bottom of the 2nd over - 1 run, 0 hits, 0 errors, 0 left on base; Portland 0 - Bowie 1 |
| TOP OF THE 3RD |
|
Portland Sea Dogs batting - Pitching for Bowie Baysox : RHP Alfredo Leiva
|
|
Batting: RHB Neil Mautone
|
0-0: Ground out 1-3 (Groundball, 13, EV 69.4 MPH)
|
|
Batting: RHB Joe Evrard
|
0-0: Ball 1-0: Fly out, F9 (Flyball, 9LM, EV 100.0 MPH)
|
|
Batting: LHB Arcot Ramathorn
|
0-0: Ball 1-0: Called Strike 1-1: Ball 2-1: Called Strike 2-2: Foul Ball, location: 2F 2-2: Strikes out swinging
|
| Top of the 3rd over - 0 runs, 0 hits, 0 errors, 0 left on base; Portland 0 - Bowie 1 |
| BOTTOM OF THE 3RD |
|
Bowie Baysox batting - Pitching for Portland Sea Dogs : LHP Francisco Lucero
|
|
Batting: RHB Danny Merrill
|
0-0: Ball 1-0: Swinging Strike 1-1: Ball 2-1: Foul Ball, location: 2F 2-2: Strikes out looking
|
|
Batting: SHB Eric Tiehen
|
0-0: Ball 1-0: Called Strike 1-1: Ground out 5-3 (Groundball, 56S, EV 77.5 MPH)
|
|
Batting: RHB Orlando Melchor
|
0-0: Ball 1-0: Foul Ball, location: 2F 1-1: Ball 2-1: Ball 3-1: DOUBLE (Groundball, 5L, EV 106.2 MPH)
|
|
Batting: SHB Ryan Palermo
|
0-0: Foul Ball, location: 2F 0-1: Ball 1-1: Foul Ball, location: 2F 1-2: Ball 2-2: Foul Ball, location: 2F 2-2: Ground out 4-3 (Groundball, 4MD, EV 101.9 MPH)
|
| Bottom of the 3rd over - 0 runs, 1 hit, 0 errors, 1 left on base; Portland 0 - Bowie 1 |
| TOP OF THE 4TH |
|
Portland Sea Dogs batting - Pitching for Bowie Baysox : RHP Alfredo Leiva
|
|
Batting: LHB Julian Toney
|
0-0: Fly out, F7 (Line Drive, 7, EV 92.5 MPH)
|
|
Batting: RHB Nate Dickinson
|
0-0: Swinging Strike 0-1: Called Strike 0-2: Ball 1-2: Ball 2-2: Foul Ball, location: 2F 2-2: Ball 3-2: SINGLE (Line Drive, 7S, EV 90.6 MPH)
|
|
Batting: LHB Brent Albertson
|
0-0: Ball Nate Dickinson steals 2nd, throwing error, E2 Nate Dickinson to third 1-0: Called Strike 1-1: Fly out, F5 (Flyball, 5D, EV 73.8 MPH)
|
|
Batting: LHB Parker Lowe
|
0-0: Ball 1-0: Ball 2-0: Foul Ball, location: 2F 2-1: Foul Ball, location: 2F 2-2: Ground out 4-3 (Groundball, 4S, EV 65.6 MPH)
|
| Top of the 4th over - 0 runs, 1 hit, 1 error, 1 left on base; Portland 0 - Bowie 1 |
| BOTTOM OF THE 4TH |
|
Bowie Baysox batting - Pitching for Portland Sea Dogs : LHP Francisco Lucero
|
|
Batting: RHB Dermott Neill
|
0-0: Ball 1-0: Foul Ball, location: 2F 1-1: Ball 2-1: Foul Ball, location: 2F 2-2: Ball 3-2: Ground out 6-3 (Groundball, 6, EV 106.9 MPH)
|
|
Batting: RHB Chase Cassidy
|
0-0: Called Strike 0-1: Ball 1-1: Ball 2-1: Ball 3-1: Base on Balls
|
|
Batting: SHB Justin Toth
|
0-0: Swinging Strike 0-1: Ball 1-1: Fly out, F9 (Flyball, 9LM, EV 91.2 MPH)
|
|
Batting: RHB Andy Chess
|
0-0: Called Strike 0-1: Ball Chase Cassidy steals 2nd base 1-1: Foul Ball, location: 2F 1-2: Ball 2-2: Foul Ball, location: 2F 2-2: Reaches on Catchers interference
|
|
Batting: LHB Andrew Erens
|
0-0: Foul Ball, location: 2F 0-1: Foul Ball, location: 2F 0-2: Ball 1-2: SINGLE (Groundball, 4M, EV 91.9 MPH) (infield hit) Chase Cassidy to third Andy Chess to second
|
|
Batting: RHB Danny Merrill
|
0-0: Called Strike 0-1: Ball 1-1: Foul Ball, location: 2F 1-2: Strikes out swinging
|
| Bottom of the 4th over - 0 runs, 1 hit, 1 error, 3 left on base; Portland 0 - Bowie 1 |
| TOP OF THE 5TH |
|
Portland Sea Dogs batting - Pitching for Bowie Baysox : RHP Alfredo Leiva
|
|
Batting: RHB Carlos Nolasco
|
0-0: Called Strike 0-1: Swinging Strike 0-2: Strikes out looking
|
|
Batting: LHB Dave Reyes
|
0-0: Ball 1-0: Foul Ball, location: 2F 1-1: Called Strike 1-2: Strikes out swinging
|
|
Batting: RHB Neil Mautone
|
0-0: Ball 1-0: Ball 2-0: Ground out 6-3 (Groundball, 6, EV 91.2 MPH)
|
| Top of the 5th over - 0 runs, 0 hits, 0 errors, 0 left on base; Portland 0 - Bowie 1 |
| BOTTOM OF THE 5TH |
|
Bowie Baysox batting - Pitching for Portland Sea Dogs : LHP Francisco Lucero
|
|
Batting: SHB Eric Tiehen
|
0-0: Ball 1-0: Ground out 4-3 (Groundball, 4, EV 110.6 MPH)
|
|
Batting: RHB Orlando Melchor
|
0-0: Called Strike 0-1: Foul Ball, location: 2F 0-2: Ground out 6-3 (Groundball, 56D, EV 110.0 MPH)
|
|
Batting: SHB Ryan Palermo
|
0-0: Ball 1-0: Foul Ball, location: 2F 1-1: Ball 2-1: Ball 3-1: Foul Ball, location: 2F 3-2: Ground out 5-3 (Groundball, 56, EV 101.9 MPH)
|
| Bottom of the 5th over - 0 runs, 0 hits, 0 errors, 0 left on base; Portland 0 - Bowie 1 |
| TOP OF THE 6TH |
|
Portland Sea Dogs batting - Pitching for Bowie Baysox : RHP Alfredo Leiva
|
|
Batting: RHB Joe Evrard
|
0-0: Ball 1-0: Ball 2-0: Foul Ball, location: 2F 2-1: Foul Ball, location: 2F 2-2: Ball 3-2: Strikes out swinging
|
|
Batting: LHB Arcot Ramathorn
|
0-0: Ground out U3 (Groundball, 3, EV 92.5 MPH)
|
|
Batting: LHB Julian Toney
|
0-0: Ball 1-0: Called Strike 1-1: Foul Ball, location: 2F 1-2: SINGLE (Line Drive, 78S, EV 94.4 MPH)
|
|
Batting: RHB Nate Dickinson
|
0-0: Called Strike 0-1: Ball 1-1: Foul Ball, location: 2F 1-2: Ball 2-2: Ball 3-2: Foul Ball, location: 2F 3-2: Base on Balls Julian Toney to second
|
|
Batting: LHB Brent Albertson
|
0-0: Ground out 6-3 (Groundball, 6S, EV 83.8 MPH)
|
| Top of the 6th over - 0 runs, 1 hit, 0 errors, 2 left on base; Portland 0 - Bowie 1 |
| BOTTOM OF THE 6TH |
|
Bowie Baysox batting - Pitching for Portland Sea Dogs : LHP Francisco Lucero
|
|
Batting: RHB Dermott Neill
|
0-0: Ball 1-0: Swinging Strike 1-1: Ball 2-1: Ball 3-1: Called Strike 3-2: Foul Ball, location: 2F 3-2: Strikes out swinging
|
|
Batting: RHB Chase Cassidy
|
0-0: Foul Ball, location: 2F 0-1: Foul Ball, location: 2F 0-2: Ball 1-2: Ball 2-2: Fly out, F9 (Flyball, 9LS, EV 87.5 MPH)
|
|
Batting: SHB Justin Toth
|
0-0: Ball 1-0: Called Strike 1-1: Fly out, F9 (Flyball, 9, EV 79.4 MPH)
|
| Bottom of the 6th over - 0 runs, 0 hits, 0 errors, 0 left on base; Portland 0 - Bowie 1 |
| TOP OF THE 7TH |
|
Portland Sea Dogs batting - Pitching for Bowie Baysox : RHP Alfredo Leiva
|
|
Batting: LHB Parker Lowe
|
0-0: Ball 1-0: Swinging Strike 1-1: Ball 2-1: Foul Ball, location: 2F 2-2: Ball 3-2: Base on Balls
|
|
Pitching: RHP Josh Boyles
|
|
|
Pinch Hitting: LHB Alex Mendoza
|
0-0: Ball 1-0: Foul Ball, location: 2F 1-1: Ball 2-1: Foul Ball, location: 2F 2-2: Foul Ball, location: 2F 2-2: Grounds into double play, 6-4-3 (Groundball, 6, EV 106.2 MPH)
|
|
Batting: LHB Dave Reyes
|
0-0: Ball 1-0: Ball 2-0: Ball 3-0: Called Strike 3-1: Base on Balls
|
|
Batting: RHB Neil Mautone
|
0-0: Ball 1-0: Swinging Strike 1-1: Swinging Strike 1-2: Foul Ball, location: 2F 1-2: Ball 2-2: Strikes out swinging
|
| Top of the 7th over - 0 runs, 0 hits, 0 errors, 1 left on base; Portland 0 - Bowie 1 |
| BOTTOM OF THE 7TH |
|
Bowie Baysox batting - Pitching for Portland Sea Dogs : LHP Francisco Lucero
|
|
Now at 2B: Rogelio Losano
|
|
|
Now at 3B: Arcot Ramathorn
|
|
|
Batting: RHB Andy Chess
|
0-0: Called Strike 0-1: Called Strike 0-2: Reached on error, E4 (Groundball, 4, EV 101.9 MPH)
|
|
Pitching: LHP Josh Taylor
|
|
|
Batting: LHB Andrew Erens
|
0-0: Bunted foul 0-1: Bunted foul 0-2: Ground out 4-3 (Groundball, 4, EV 85.6 MPH) Andy Chess to third
|
|
Batting: RHB Danny Merrill
|
0-0: Foul Ball, location: 2F 0-1: Ball 1-1: SINGLE (Line Drive, 34D, EV 97.5 MPH) Andy Chess scores
|
|
Batting: SHB Eric Tiehen
|
0-0: Ball 1-0: Ball 2-0: Foul Ball, location: 2F 2-1: Foul Ball, location: 2F 2-2: Fly out, F8 (Line Drive, 8RD, EV 95.0 MPH)
|
|
Batting: RHB Orlando Melchor
|
0-0: Ball Danny Merrill steals 2nd base (no throw) 1-0: Called Strike 1-1: Foul Ball, location: 2F 1-2: Foul Ball, location: 2F 1-2: Ball 2-2: Ball 3-2: Ground out 6-3 (Groundball, 6, EV 81.2 MPH)
|
| Bottom of the 7th over - 1 run, 1 hit, 1 error, 1 left on base; Portland 0 - Bowie 2 |
| TOP OF THE 8TH |
|
Portland Sea Dogs batting - Pitching for Bowie Baysox : RHP Josh Boyles
|
|
Batting: RHB Joe Evrard
|
0-0: Ball 1-0: Ball 2-0: Swinging Strike 2-1: Called Strike 2-2: SOLO HOME RUN (Flyball, 89XD, EV 99.4 MPH), Distance : 400 ft
|
|
Batting: LHB Arcot Ramathorn
|
0-0: Ball 1-0: Ground out U3 (Groundball, 34S, EV 85.6 MPH)
|
|
Batting: LHB Julian Toney
|
0-0: Foul Ball, location: 2F 0-1: Ball 1-1: SINGLE (Line Drive, 7S, EV 107.5 MPH)
|
|
Batting: RHB Nate Dickinson
|
Balk! Julian Toney to second 0-0: Called Strike 0-1: Ball 1-1: Ground out 6-3 (Groundball, 6, EV 89.4 MPH) Julian Toney to third
|
|
Batting: LHB Brent Albertson
|
0-0: SINGLE (Groundball, 4, EV 101.9 MPH) Julian Toney scores
|
|
Batting: LHB Parker Lowe
|
0-0: Called Strike 0-1: Ball 1-1: Foul Ball, location: 2F 1-2: Foul Ball, location: 2F 1-2: Ball 2-2: Strikes out swinging
|
| Top of the 8th over - 2 runs, 3 hits, 0 errors, 1 left on base; Portland 2 - Bowie 2 |
| BOTTOM OF THE 8TH |
|
Bowie Baysox batting - Pitching for Portland Sea Dogs : LHP Josh Taylor
|
|
Pitching: RHP Billy Fitzgerald
|
|
|
Batting: SHB Ryan Palermo
|
0-0: Fly out, F8 (Line Drive, 8RM, EV 90.0 MPH)
|
|
Batting: RHB Dermott Neill
|
0-0: Called Strike 0-1: Ball 1-1: Called Strike 1-2: Ball 2-2: Strikes out swinging
|
|
Batting: RHB Chase Cassidy
|
0-0: Ground out 5-3 (Groundball, 5L, EV 86.2 MPH)
|
| Bottom of the 8th over - 0 runs, 0 hits, 0 errors, 0 left on base; Portland 2 - Bowie 2 |
| TOP OF THE 9TH |
|
Portland Sea Dogs batting - Pitching for Bowie Baysox : RHP Josh Boyles
|
|
Pitching: RHP Mike Wheeler
|
|
|
Batting: RHB Rogelio Losano
|
0-0: Ground out U3 (Groundball, 34, EV 91.2 MPH)
|
|
Batting: LHB Dave Reyes
|
0-0: Ball 1-0: Ball 2-0: Foul Ball, location: 2F 2-1: Fly out, F2 (Popup, 25F, EV 88.8 MPH)
|
|
Batting: RHB Neil Mautone
|
0-0: Called Strike 0-1: Ball 1-1: Fly out, F7 (Flyball, 78XD, EV 96.2 MPH)
|
| Top of the 9th over - 0 runs, 0 hits, 0 errors, 0 left on base; Portland 2 - Bowie 2 |
| BOTTOM OF THE 9TH |
|
Bowie Baysox batting - Pitching for Portland Sea Dogs : RHP Billy Fitzgerald
|
|
Batting: SHB Justin Toth
|
0-0: Called Strike 0-1: Ball 1-1: Called Strike 1-2: Ball 2-2: Foul Ball, location: 2F 2-2: Ball 3-2: Base on Balls
|
|
Batting: RHB Andy Chess
|
0-0: Ball 1-0: Ball 2-0: Foul Ball, location: 2F 2-1: Swinging Strike 2-2: Strikes out looking
|
|
Batting: LHB Andrew Erens
|
0-0: Ball Justin Toth steals 2nd base 1-0: Intentional Walk
|
|
Batting: RHB Danny Merrill
|
0-0: Foul Ball, location: 2F 0-1: Fly out, F4 (Popup, 34S, EV 91.2 MPH)
|
|
Batting: SHB Eric Tiehen
|
0-0: Foul Ball, location: 2F 0-1: Ball 1-1: Swinging Strike 1-2: Ball 2-2: Strikes out swinging
|
| Bottom of the 9th over - 0 runs, 0 hits, 0 errors, 2 left on base; Portland 2 - Bowie 2 |
| TOP OF THE 10TH |
|
Portland Sea Dogs batting - Pitching for Bowie Baysox : RHP Mike Wheeler
|
|
Batting: RHB Joe Evrard
|
0-0: Ball 1-0: Reached on error, E4 (Line Drive, 4, EV 63.8 MPH)
|
|
Batting: LHB Arcot Ramathorn
|
0-0: Called Strike 0-1: Ball 1-1: Swinging Strike 1-2: Strikes out swinging
|
|
Batting: LHB Julian Toney
|
0-0: Ball 1-0: SINGLE (Line Drive, 56, EV 105.0 MPH) Joe Evrard to second
|
|
Batting: RHB Nate Dickinson
|
0-0: Foul Ball, location: 2F 0-1: Ball 1-1: Ball 2-1: Ball 3-1: Called Strike 3-2: Foul Ball, location: 2F 3-2: Foul Ball, location: 2F 3-2: Strikes out swinging
|
|
Batting: LHB Brent Albertson
|
0-0: Ball 1-0: Foul Ball, location: 2F 1-1: Called Strike 1-2: Strikes out swinging
|
| Top of the 10th over - 0 runs, 1 hit, 1 error, 2 left on base; Portland 2 - Bowie 2 |
| BOTTOM OF THE 10TH |
|
Bowie Baysox batting - Pitching for Portland Sea Dogs : RHP Billy Fitzgerald
|
|
Pitching: RHP Michael Vazquez
|
|
|
Batting: RHB Orlando Melchor
|
0-0: Ball 1-0: Foul Ball, location: 2F 1-1: Called Strike 1-2: Ball 2-2: Ground out 6-3 (Groundball, 6, EV 85.0 MPH)
|
|
Batting: SHB Ryan Palermo
|
0-0: Called Strike 0-1: Ball 1-1: Foul Ball, location: 2F 1-2: Strikes out swinging
|
|
Batting: RHB Dermott Neill
|
0-0: Ball 1-0: Swinging Strike 1-1: Swinging Strike 1-2: Strikes out swinging
|
| Bottom of the 10th over - 0 runs, 0 hits, 0 errors, 0 left on base; Portland 2 - Bowie 2 |
| TOP OF THE 11TH |
|
Portland Sea Dogs batting - Pitching for Bowie Baysox : RHP Mike Wheeler
|
|
Batting: LHB Parker Lowe
|
0-0: Called Strike 0-1: Foul Ball, location: 2F 0-2: Fly out, F7 (Line Drive, 7D, EV 91.2 MPH)
|
|
Batting: RHB Rogelio Losano
|
0-0: Ground out 6-3 (Groundball, 6, EV 83.8 MPH)
|
|
Batting: LHB Dave Reyes
|
0-0: Ball 1-0: Ball 2-0: Hit by Pitch
|
|
Batting: RHB Neil Mautone
|
0-0: Ball Dave Reyes is caught stealing 2nd base 2-4
|
| Top of the 11th over - 0 runs, 0 hits, 0 errors, 0 left on base; Portland 2 - Bowie 2 |
| BOTTOM OF THE 11TH |
|
Bowie Baysox batting - Pitching for Portland Sea Dogs : RHP Michael Vazquez
|
|
Batting: RHB Chase Cassidy
|
0-0: DOUBLE (Line Drive, 7LM, EV 114.4 MPH)
|
|
Batting: SHB Justin Toth
|
0-0: Swinging Strike 0-1: Ball 1-1: Foul Ball, location: 2F 1-2: Ball 2-2: Ball 3-2: Strikes out swinging
|
|
Batting: RHB Andy Chess
|
0-0: Called Strike 0-1: Foul Ball, location: 2F 0-2: Ground out 5-3 (Groundball, 5, EV 96.2 MPH)
|
|
Batting: LHB Andrew Erens
|
0-0: Intentional Walk
|
|
Batting: RHB Danny Merrill
|
0-0: Ball 1-0: Called Strike 1-1: Swinging Strike 1-2: Reached on error, E3 (Groundball, 3, EV 89.4 MPH) Chase Cassidy to third Andrew Erens to second
|
|
Batting: SHB Eric Tiehen
|
0-0: Called Strike 0-1: Foul Ball, location: 2F 0-2: Ball 1-2: Ground out 4-3 (Groundball, 4, EV 105.0 MPH)
|
| Bottom of the 11th over - 0 runs, 1 hit, 1 error, 3 left on base; Portland 2 - Bowie 2 |
| TOP OF THE 12TH |
|
Portland Sea Dogs batting - Pitching for Bowie Baysox : RHP Mike Wheeler
|
|
Pitching: RHP Shane Kruger
|
|
|
Batting: RHB Neil Mautone
|
0-0: Called Strike 0-1: Swinging Strike 0-2: Ball 1-2: Foul Ball, location: 2F 1-2: Ball 2-2: Foul Ball, location: 2F 2-2: Ball 3-2: Strikes out looking
|
|
Batting: RHB Joe Evrard
|
0-0: Foul Ball, location: 2F 0-1: Foul Ball, location: 2F 0-2: Strikes out swinging
|
|
Batting: LHB Arcot Ramathorn
|
0-0: Ground out 6-3 (Groundball, 6, EV 76.9 MPH)
|
| Top of the 12th over - 0 runs, 0 hits, 0 errors, 0 left on base; Portland 2 - Bowie 2 |
| BOTTOM OF THE 12TH |
|
Bowie Baysox batting - Pitching for Portland Sea Dogs : RHP Michael Vazquez
|
|
Batting: RHB Orlando Melchor
|
0-0: Called Strike 0-1: Ball 1-1: Ball 2-1: Ground out 2-3 (Groundball, 2R, EV 65.6 MPH)
|
|
Batting: SHB Ryan Palermo
|
0-0: Called Strike 0-1: Foul Ball, location: 2F 0-2: Ball 1-2: Foul Ball, location: 2F 1-2: Ball 2-2: Foul Ball, location: 2F 2-2: Ball 3-2: Foul Ball, location: 2F 3-2: SOLO HOME RUN (Flyball, 9D, EV 100.0 MPH), Distance : 369 ft
|
| Bottom of the 12th over - 1 run, 1 hit, 0 errors, 0 left on base; Portland 2 - Bowie 3 |
| |
|
Game Over ... Bowie defeats Portland, 3 to 2
|
|
|